 Dungeon Crawl Stone Soup version 0.25.1-2-g60ff931df9 (webtiles) character file.

Game seed: 4972611808182403054

114 gruber the Chiller (level 4, 0/33 HPs)
             Began as a Draconian Ice Elementalist on Nov 10, 2020.
             Slain by Grinder (2 damage)
             ... while paralysed by Grinder
             ... on level 4 of the Dungeon.
             The game lasted 00:03:25 (2773 turns).

gruber the Chiller (Draconian Ice Elementalist)     Turns: 2773, Time: 00:03:26

Health: 0/33       AC:  5    Str: 10    XL:     4   Next: 66%
Magic:  5/8        EV:  2    Int: 17    God:
Gold:   146        SH:  0    Dex: 11    Spells: 5/9 levels left

rFire    . . .     SeeInvis .   m - +0 short sword
rCold    . . .     Gourm    .   (no shield)
rNeg     . . .     Faith    .   (armour unavailable)
rPois    .         Spirit   .   (helmet restricted)
rElec    .         Reflect  .   (no cloak)
rCorr    .         Harm     .   (no gloves)
MR       .....                  (no boots)
Stlth    ++........             (no amulet)
HPRegen  0.11/turn              (no ring)
MPRegen  0.11/turn              (no ring)

@: paralysed
A: unfitting armour, cold-blooded, AC +5
a: no special abilities


You were on level 4 of the Dungeon.
You were not hungry.

You visited 1 branch of the dungeon, and saw 4 of its levels.

You collected 146 gold pieces.

Inventory:

Hand Weapons
 m - a +0 short sword (weapon)
Missiles
 c - 8 poisoned darts (quivered)
Jewellery
 u - an uncursed ring of flight {unknown}
Wands
 f - a wand of clouds (5)
Scrolls
 d - 4 scrolls of remove curse {unknown}
 g - 3 scrolls of identify {unknown}
 j - a scroll of amnesia {unknown}
 k - a scroll of random uselessness {unknown}
 l - a scroll of magic mapping {unknown}
 n - a scroll of teleportation {unknown}
 o - a scroll of enchant armour {unknown}
 q - a scroll of enchant weapon {unknown}
 t - a scroll of immolation {unknown}
 v - a scroll of fear {unknown}
Potions
 a - a potion of heal wounds {unknown}
 e - a potion of haste {unknown}
 h - 2 potions of resistance {unknown}
 i - a potion of magic {unknown}
 r - a potion of curing {unknown}
 s - 2 potions of cancellation {unknown}
Comestibles
 b - 2 rations
 p - 3 chunks of flesh


   Skills:
 - Level 1.7 Dodging
 - Level 1.7 Stealth
 + Level 3.1 Spellcasting
 + Level 5.5 Ice Magic


You had 5 spell levels left.
You knew the following spells:

 Your Spells              Type           Power        Failure   Level  Hunger
a - Freeze                Ice            ###.         1%          1    None
b - Frozen Ramparts       Ice            ###...       5%          3    ###....

Your spell library contained the following spells:

 Spells                   Type           Power        Failure   Level  Hunger
 Ozocubu's Armour         Chrm/Ice       ##......     17%         3    ###....
 Hailstorm                Conj/Ice       ##......     50%         4    ####...
 Summon Ice Beast         Ice/Summ       ##......     50%         4    ####...


Dungeon Overview and Level Annotations

Branches:
Dungeon (4/15)
 Temple: D:4-7

Altars:

Annotations:
D:3 1 runed translucent door, othur's ghost, amateur GrFi
D:4 Grinder


Innate Abilities, Weirdness & Mutations

Your plain brown scales are hard. (AC +5)
You cannot fit into any form of body armour.
You are cold-blooded and may be slowed by cold attacks.


Message History

You are too injured to fight recklessly!
Unknown command.
Unknown command.
Unknown command.
Casting: Frozen Ramparts (dangerous; 5% risk of failure)
Confirm with . or Enter, or press ? or * to list all spells.
Aiming: Freeze (safe; 1% risk of failure)
Press: ? - help, Shift-Dir - straight line, f - Grinder
Aim: Grinder (lightly wounded) Grinder resists.
You freeze Grinder.
Grinder is lightly wounded.
The frozen ramparts melt away.
Grinder gestures at you.
You suddenly lose the ability to move!
Grinder hits you.
Grinder says, "I used to sell toenails on the black market."
Grinder hits you!
* * * LOW HITPOINT WARNING * * *
You writhe in agony.
You die...

####..
..... ....
... .. #
#.## .#
#..##.#
#.@#..#
##.5..#
#....#
#.....#
#.....#
#.......
.........
..........
....####...


You could see Grinder.

Vanquished Creatures
  5 adders
  A worm (D:2)
  2 leopard geckos (D:3)
  A ball python (D:3)
  5 giant cockroaches
  11 goblins
  7 hobgoblins
  4 jackals (D:2)
  3 quokkas
  7 bats
  A frilled lizard (D:2)
  7 kobolds
  8 rats
62 creatures vanquished.

Notes
Turn   | Place    | Note
-------+----------+-------------------------------------------
     0 | D:1      | gruber the Draconian Ice Elementalist began the quest for
                  | the Orb.
     0 | D:1      | Reached XP level 1. HP: 14/14 MP: 3/3
   542 | D:1      | Reached XP level 2. HP: 20/20 MP: 1/5
   859 | D:2      | Reached XP level 3. HP: 25/26 MP: 3/6
   867 | D:2      | Learned a level 3 spell: Frozen Ramparts
  1170 | D:2      | Reached skill level 5 in Ice Magic
  2041 | D:3      | Reached XP level 4. HP: 33/33 MP: 8/8
  2542 | D:3      | Found a runed translucent door.
  2548 | D:3      | Noticed othur's ghost (amateur GrFi)
  2761 | D:4      | Noticed Grinder
  2771 | D:4      | Paralysed by Grinder for 4 turns
  2773 | D:4      | Slain by Grinder

Illustrated notes

Levels and vault maps discovered:
D:1:      dpeg_arrival_fog, layout_rooms, palyth_stone_intersect
D:2:      layout_loops_ring
D:3:      layout_loops_ring, ebering_ghost_sewer_d
D:4:      layout_layer_cave, first_ration, cheibrodos_sewer_entry_sluice,
          ebering_ghost_inner_flame, kennysheep_orc_chapel, uniq_grinder

Skill      XL: |  1  2  3  4 |
---------------+-------------+-----
Ice Magic      | 5 |  5.5
Spellcasting   | 3 |  3.1
Dodging        | |  1.7
Stealth        | |  1.7

Action                   |  1- 3 |  4- 6 || total
-------------------------+-------+-------++-------
Melee: Unarmed           |    69 |       ||    69
       Tailslap          |     7 |     3 ||    10
       Short sword       |    31 |    48 ||    79
 Cast: Freeze            |    28 |     1 ||    29
       Frozen Ramparts   |     4 |     6 ||    10
 Stab: Sleeping          |     1 |     3 ||     4
  Eat: Chunk             |     4 |     3 ||     7
Armor: Skin              |    35 |    23 ||    58
Dodge: Dodged            |    96 |    29 ||   125
